 Dungeon Crawl Stone Soup version 0.24.1 (webtiles) character file.

Game seed: 14476310823594291060, levelgen mode: deterministic

26 Destapler the Gusty (level 3, -7/16 HPs)
             Began as a Vine Stalker Air Elementalist on Mar 26, 2020.
             Mangled by an ice beast (9 damage)
             ... on level 2 of the Dungeon.
             The game lasted 00:06:38 (777 turns).

Destapler the Gusty (Vine Stalker Air Elementalist)  Turns: 777, Time: 00:06:40

Health: -7/16      AC:  5    Str: 10    XL:     3   Next: 8%
Magic:  0/7        EV: 12    Int: 16    God:
Gold:   83         SH:  0    Dex: 14    Spells: 6/7 levels left

rFire    . . .     SeeInvis .   m - +0 dagger
rCold    . . .     Gourm    .   (no shield)
rNeg     . . .     Faith    .   a - +0 robe
rPois    .         Spirit   +   b - +0 helmet
rElec    .         Reflect  .   n - +0 cloak
rCorr    .         Harm     .   (no gloves)
MR       .....                  e - +0 pair of boots
Stlth    ++........             (no amulet)
HPRegen  0.05/turn              (no ring)
MPRegen  0.10/turn              (no ring)

@: no status effects
A: fangs 2, magic shield, antimagic bite, no potion heal 3, rot immunity
a: no special abilities


You were on level 2 of the Dungeon.
You were not hungry.

You visited 1 branch of the dungeon, and saw 2 of its levels.

You collected 83 gold pieces.

Inventory:

Hand Weapons
 h - a +0 whip
 m - a +0 dagger (weapon)
Missiles
 g - 14 stones (quivered)
Armour
 a - a +0 robe (worn)
 b - a +0 helmet (worn)
 e - a +0 pair of boots (worn)
 n - a +0 cloak (worn)
Scrolls
 i - a scroll of random uselessness {unknown}
 j - a scroll of remove curse {unknown}
 l - 2 scrolls of teleportation {unknown}
 o - a scroll of noise {unknown}
 p - a scroll of fog {unknown}
Potions
 d - a potion of mutation {unknown}
 k - a potion of ambrosia {unknown}
Comestibles
 c - 4 rations
 f - 2 chunks of flesh


   Skills:
 + Level 1.9 Dodging
 + Level 3.0 Stealth
 + Level 2.5 Spellcasting
 + Level 1.5 Conjurations
 + Level 3.2 Air Magic


You had 6 spell levels left.
You knew the following spells:

 Your Spells              Type           Power        Failure   Level  Hunger
a - Shock                 Conj/Air       #...         8%          1    #......

Your spell library contained the following spells:

 Spells                   Type           Power        Failure   Level  Hunger
 Swiftness                Chrm/Air       #.......     16%         2    ##.....
 Static Discharge         Conj/Air       #.......     22%         3    ###....
 Airstrike                Air            ##........   45%         4    #####..
 Lightning Bolt           Conj/Air       #.........   90%         5    ######.


Dungeon Overview and Level Annotations

Branches:
Dungeon (2/15)

Altars:


Innate Abilities, Weirdness & Mutations

You have extremely sharp teeth.
When hurt, damage is shared between your health and your magic reserves.
Your bite disrupts and absorbs the magic of your enemies.
Potions cannot restore your health.
You are immune to rotting.


Message History

The ice beast is lightly wounded.
The ice beast hits you but does no damage.
You see here a scroll labeled OTE AHOJIDO.
Throwing (i - inventory)
g - 16 stones (quivered)
Press: ? - help, Shift-Dir - straight line, p - ice beast You throw a stone.
The stone hits the ice beast but does no damage.
The ice beast is lightly wounded.
The ice beast barely misses you. The ice beast closely misses you.
Throwing (i - inventory)
g - 15 stones (quivered)
Press: ? - help, Shift-Dir - straight line, f - ice beast
Aim: an ice beast (lightly wounded)
You throw a stone.
The stone hits the ice beast but does no damage.
The ice beast is lightly wounded.
The ice beast hits you.
* * * LOW HITPOINT WARNING * * *
The ice beast freezes you!
Ouch! That really hurt!
You die...

###...##.####รท.#....
#..........##..####.
#.#####.#...####.##..###.[
...........#####.##.......
#......?.........##..###..
#######.#######..##.......
#.####.....# #..##..###..
#.......Y.# #..##.......
#.####...@.# #..###.###..
##.#.## ##......###[.
#.#.# #............
#.#.####>#.########.
#........#........
####.##########... #.# #.#
#.#


You could see an ice beast.

Vanquished Creatures
  An ooze (D:1)
  A dart slug (D:1)
  A leopard gecko (D:2)
  A ball python (D:1)
  A giant cockroach (D:1)
  2 goblins (D:1)
  A hobgoblin (D:1)
  A quokka (D:2)
  4 bats
  3 kobolds (D:1)
  4 rats
20 creatures vanquished.

Notes
Turn   | Place    | Note
-------+----------+-------------------------------------------
     0 | D:1      | Destapler the Vine Stalker Air Elementalist began the quest
                  | for the Orb.
     0 | D:1      | Reached XP level 1. HP: 9/9 MP: 4/4
   138 | D:1      | Reached XP level 2. HP: 11/13 MP: 4/6
   649 | D:2      | Reached XP level 3. HP: 12/16 MP: 3/7
   691 | D:2      | Noticed an ice beast
   777 | D:2      | Mangled by an ice beast

Levels and vault maps discovered:
D:1:      giann_wishing_wells, layout_basic
D:2:      layout_loops_ring, nicolae_overflow_crystal_walls,
          nemelex_xobeh_ov_fountains_minmay, kennysheep_generic_room_10

Skill      XL: |  1  2  3 |
---------------+----------+-----
Stealth        | 3 |  3.0
Dodging        | |  1.9
Spellcasting   | |  2.5
Conjurations   | |  1.5
Air Magic      | |  3.2

Action                   || total
-------------------------++-------
Melee: Unarmed           ||    41
       Bite              ||    13
       Dagger            ||    25
Throw: Stone             ||     2
 Cast: Shock             ||    21
 Stab: Sleeping          ||     2
Armor: Robe              ||    24
Dodge: Dodged            ||    54
